Map: Blackpink LE

Players

KappaHD - Winner!

  • Race: Terran Terran
  • League: Diamond
  • Spawn Location: 1:00

Dessa

  • Race: Zerg Zerg
  • League: Diamond
  • Spawn Location: 7:00

VOD

Have the link to the VOD?

Description

Time

  • Played on: Jan. 5, 2018, 3:08 p.m.
  • Length: 30:17
Show
View Real Time Build Order
Export as new Build Order

KappaHD Terran - Winner!

Build Orders: MMM Bio 

Get SALT Encoding   

  12  0:04  SCV  
  13  0:14  Supply Depot  
  13  0:18  SCV  
  14  0:30  SCV  
  15  0:40  Barracks  
  15  0:42  SCV  
  16  0:54  Refinery  
  16  0:59  Barracks  
  16  1:15  Barracks  
  17  1:24  Refinery  
  16  1:32  SCV  
  17  1:41  Reaper  
  17  1:44  SCV  
  19  1:54  Reaper  
  20  1:56  SCV  
  20  2:00  Supply Depot  
  21  2:05  Reaper  
  22  2:09  SCV  
  23  2:22  SCV, Reaper  
  25  2:26  Supply Depot  
  25  2:32  Reaper  
  26  2:48  Reaper  
  27  2:54  Reaper  
  28  3:02  SCV  
  28  3:04  Reaper  
  30  3:07  Supply Depot  
  30  3:20  Reaper  
  30  3:26  Reaper  
  31  3:36  Reaper  
  31  3:52  Reaper  
  32  3:58  Reaper  
  32  3:59  Command Center  
  29  4:27  Orbital Command  
  30  4:32  Barracks Tech Lab, Barracks Reactor  
  30  4:33  Barracks Reactor  
  28  4:38  Supply Depot  
  28  4:42  Factory  
  28  4:52  Marine  
  29  4:54  Stimpack  
  28  5:22  Marine  
  28  5:23  Marine x4  
  28  5:24  Orbital Command  
  33  5:32  SCV, Factory Tech Lab  
  34  5:36  Starport  
  34  5:44  SCV  
  34  5:46  Marine x3  
  38  5:52  Marine  
  38  5:53  SCV  
  38  5:56  SCV  
  41  5:59  Siege Tank  
  44  6:05  SCV  
  44  6:08  SCV  
  46  6:18  Marine x4  
  42  6:19  Marine  
  42  6:23  SCV x2  
  42  6:25  Refinery  
  48  6:28  Starport Reactor  
  48  6:31  Siege Tank  
  51  6:38  Marine x3  
  51  6:39  Marine x2  
  56  6:43  Supply Depot  
  56  6:45  SCV x2  
  58  6:57  SCV x2, Marine x3  
  58  6:58  Marine x2  
  58  6:59  Combat Shields  
  65  7:03  Siege Tank  
  65  7:07  Medivac x2  
  72  7:16  Marine x3  
  72  7:17  Marine, Marauder  
  78  7:54  Command Center  
  78  8:07  Supply Depot x2  
  78  8:29  SCV x2, Marauder, Marine x4, Siege Tank  
  87  8:41  SCV  
  88  8:46  Marine x2  
  90  8:49  Marine  
  90  8:50  SCV  
  90  8:51  Marauder  
  90  8:53  SCV  
  85  9:01  Siege Tank  
  85  9:02  SCV  
  75  9:05  SCV  
  75  9:09  Marine  
  66  9:10  Marine x3  
  66  9:11  SCV, Marine  
  66  9:13  Refinery  
  66  9:14  SCV  
  72  9:17  Engineering Bay  
  72  9:18  Armory, Engineering Bay  
  72  9:23  Orbital Command  
  72  9:24  SCV  
  72  9:26  SCV, Medivac  
  72  9:27  Medivac, Marine  
  72  9:28  Marine x3  
  72  9:29  Marine  
  83  9:36  SCV  
  84  9:39  SCV  
  80  9:57  Siege Tank, Marine  
  80  9:58  Marine x4  
  80  9:59  SCV  
  90  10:00  SCV x2  
  90  10:03  Refinery x2  
  91  10:11  SCV  
  92  10:14  Concussive Shells  
  92  10:16  Marauder  
  94  10:22  SCV x2  
  94  10:24  Marine x4  
  94  10:25  Medivac  
  102  10:29  Siege Tank  
  102  10:30  Supply Depot  
  102  10:31  Supply Depot  
  102  10:32  Supply Depot  
  104  10:37  Marine  
  105  10:44  Marine x4  
  109  10:52  Terran Infantry Weapons Level 1, Barracks x3, Terran Infantry Armor Level 1  
  109  10:53  Terran Vehicle Weapons Level 1  
  109  10:55  Marauder  
  111  11:01  Marine  
  111  11:02  Marine x2  
  111  11:03  Marine  
  115  11:04  Siege Tank  
  118  11:16  Marine  
  119  11:23  Command Center  
  119  11:25  Refinery x2  
  118  11:26  Marine x3  
  118  11:29  Medivac x2  
  126  11:32  SCV  
  126  11:33  SCV  
  127  11:42  Supply Depot  
  127  11:48  Marine  
  127  11:49  Barracks Tech Lab, Marine x4  
  127  11:51  Barracks Tech Lab  
  132  11:59  Supply Depot  
  132  12:00  Supply Depot  
  132  12:01  Supply Depot  
  132  12:04  Siege Tank  
  115  12:35  Marine x8  
  115  12:36  Siege Tank  
  120  12:38  Planetary Fortress  
  120  12:48  Sensor Tower  
  120  12:53  Marine  
  120  12:54  Marauder  
  120  12:56  Barracks Tech Lab, Sensor Tower x2  
  120  12:57  Marine x3, Marauder x2  
  130  12:58  Terran Infantry Weapons Level 2, Terran Infantry Armor Level 2  
  130  12:59  Terran Vehicle Weapons Level 2  
  130  13:08  Siege Tank  
  130  13:10  Marine  
  134  13:21  Marine x6  
  134  13:22  Marauder  
  139  13:39  Marine  
  139  13:40  Marauder x2, Marine x4  
  114  13:43  Marine  
  94  13:52  Siege Tank  
  86  13:57  Marine  
  86  13:58  Marine x4  
  86  14:00  Marine x3  
  91  14:13  Barracks  
  91  14:14  Armory  
  91  14:15  Barracks x2, Marine  
  91  14:16  SCV x2, Marauder  
  96  14:25  Siege Tank  
  99  14:33  SCV  
  99  14:34  SCV x3  
  99  14:35  Marine, Marauder  
  99  14:36  Marauder x2, Marine x2  
  99  14:38  Marauder  
  114  14:45  SCV  
  114  14:46  SCV x3  
  108  14:56  Marine x2  
  108  14:57  Marine, Marauder  
  108  14:58  SCV x2, Siege Tank  
  118  15:02  SCV x2, Factory  
  120  15:10  SCV, Marine  
  120  15:11  Marine, Marauder  
  120  15:12  Marauder  
  127  15:14  Marine x2  
  127  15:18  Marauder  
  129  15:29  Marauder  
  129  15:30  Siege Tank  
  131  15:37  Marine x4  
  131  15:38  Marauder  
  131  15:41  Refinery  
  131  15:42  SCV x4  
  132  15:49  Marine x2  
  133  15:50  Marine  
  133  15:55  Marine  
  136  15:59  Factory Tech Lab, Marauder  
  136  16:00  Barracks Tech Lab x2  
  136  16:02  Siege Tank  
  136  16:03  Barracks Tech Lab, Marine  
  142  16:07  Marauder  
  142  16:08  Marauder  
  140  16:28  Marine  
  140  16:29  Marine x5  
  140  16:30  Sensor Tower  
  146  16:34  Siege Tank  
  146  16:39  Command Center  
  149  16:40  Command Center  
  149  16:44  Sensor Tower  
  144  17:01  Medivac x2  
  149  17:08  Marine x2  
  131  17:09  Marine x9  
  122  17:26  Marine x3  
  122  17:27  Marauder x4  
  128  17:31  Medivac x2  
  132  17:43  Marine  
  133  17:44  Marauder  
  133  17:47  Siege Tank x2  
  133  17:49  Marine  
  133  17:50  Marine x2, Marauder  
  146  17:51  Orbital Command  
  146  17:53  Planetary Fortress  
  146  17:57  Marine  
  151  17:58  Marauder x2  
  151  17:59  Marauder x2  
  151  18:01  Medivac  
  157  18:06  Marauder  
  159  18:19  Siege Tank  
  162  18:28  Siege Tank  
  162  18:29  Marauder x4, Marine x4  
  162  18:30  Marine x3  
  162  18:33  Terran Infantry Weapons Level 3  
  180  18:35  Terran Vehicle And Ship Armor Level 1, Terran Vehicle Weapons Level 3  
  180  18:47  Marine x4  
  146  19:11  Marine  
  146  19:12  Marine x7, Marauder  
  146  19:13  Marauder x2, Siege Tank x2  
  146  19:28  Medivac x2  
  146  19:29  Marine x2  
  146  19:30  Marauder  
  153  19:45  Siege Tank x2  
  155  19:47  Marine x7  
  155  19:48  Marauder  
  155  19:51  Marine x2  
  155  19:52  Command Center, Marauder  
  158  19:53  Refinery  
  158  19:55  Refinery  
  156  20:08  Marine  
  156  20:09  Marine x5  
  156  20:10  Marine x4  
  156  20:12  Marine  
  167  20:17  Siege Tank  
  170  20:26  Marine  
  170  20:27  Marine x3  
  170  20:28  Marauder x4  
  179  20:44  Marine x4  
  179  20:45  Marine x3  
  179  20:49  Marauder  
  186  20:55  Marine x3  
  189  21:02  Marine x2  
  189  21:03  Marauder  
  193  21:07  Terran Infantry Armor Level 3  
  190  21:33  Marine x8  
  190  21:34  Marine x3  
  189  21:51  Marine x5  
  189  21:52  Marauder  
  190  22:09  Marine  
  190  22:10  Medivac, Marauder  
  190  22:11  Medivac  
  197  22:26  Orbital Command  
  197  22:31  Refinery x2  
  195  23:00  Medivac x2  
  199  24:20  Marine  
  200  25:36  Sensor Tower  
  200  25:44  Sensor Tower  
  200  25:46  Sensor Tower  
  200  26:42  Sensor Tower  
  200  27:01  Sensor Tower  
  200  27:02  Sensor Tower  
  200  27:28  Sensor Tower  
  200  27:40  Sensor Tower  
  200  29:53  Command Center  
  200  29:55  Refinery, Command Center  
  200  29:58  Refinery  
  200  30:01  Refinery  
  200  30:02  Refinery  
Show
View Real Time Build Order
Export as new Build Order

Dessa Zerg 

Build Orders: Hatch First 

Get SALT Encoding   

  12  0:01  Drone  
  13  0:13  Overlord  
  13  0:18  Drone  
  14  0:31  Drone x2  
  14  0:35  Drone  
  17  0:54  Hatchery  
  17  0:57  Drone  
  17  1:00  Extractor  
  17  1:02  Drone  
  17  1:18  Spawning Pool  
  16  1:25  Drone x2  
  18  1:31  Overlord  
  18  1:40  Drone  
  19  1:50  Drone  
  20  2:01  Drone  
  21  2:04  Metabolic Boost  
  21  2:05  Queen  
  23  2:10  Queen  
  26  2:15  Zergling x2  
  26  2:17  Zergling x2  
  26  2:21  Drone  
  28  2:25  Drone  
  29  2:31  Baneling Nest  
  29  2:33  Drone  
  29  2:42  Spine Crawler  
  27  3:03  Queen  
  29  3:06  Queen  
  29  3:08  Zergling x2  
  29  3:09  Zergling x2  
  32  3:33  Drone x3  
  34  3:34  Overlord  
  34  3:50  Zergling x4  
  34  3:52  Overlord  
  34  3:53  Zergling x4  
  34  3:54  Zergling x4  
  38  4:15  Zergling x6  
  40  4:31  Drone x4  
  40  4:32  Drone x3  
  47  4:46  Hatchery  
  47  4:50  Roach Warren  
  45  4:58  Drone x5, Extractor  
  45  4:59  Extractor  
  45  5:22  Zergling x12  
  51  5:32  Drone, Overlord x2  
  52  5:40  Lair  
  51  5:50  Overlord  
  51  5:51  Roach, Overlord  
  51  5:52  Roach x2  
  55  6:19  Roach x5  
  55  6:20  Roach x3  
  71  6:25  Queen  
  71  6:29  Drone  
  71  6:30  Drone x2  
  71  6:32  Baneling x3  
  76  6:33  Baneling x9  
  76  6:36  Drone x3  
  79  7:08  Drone x3  
  82  7:09  Drone x3  
  82  7:10  Drone, Glial Reconstitution  
  86  7:16  Drone x2, Evolution Chamber  
  86  7:17  Evolution Chamber  
  86  7:18  Extractor  
  85  7:34  Hatchery  
  84  7:46  Pneumatized Carapace  
  84  7:49  Zerg Missile Weapons Level 1  
  84  7:55  Extractor  
  84  7:56  Extractor  
  82  8:01  Zergling x12  
  82  8:02  Zergling x4, Overlord  
  82  8:03  Overlord  
  89  8:06  Centrifical Hooks  
  89  8:08  Overlord x2  
  80  8:57  Roach  
  80  8:58  Roach, Zergling x8  
  76  9:11  Queen  
  76  9:12  Drone x4  
  76  9:13  Drone x3  
  85  9:22  Roach  
  85  9:23  Roach x2  
  91  9:25  Zerg Ground Armor Level 1  
  91  9:31  Hatchery  
  90  9:34  Baneling x3  
  90  9:35  Baneling  
  64  9:53  Drone  
  65  10:05  Zerg Missile Weapons Level 2  
  65  10:06  Hydralisk Den  
  64  10:09  Drone x2  
  66  10:16  Roach, Zergling x14  
  66  10:17  Zergling x6  
  78  10:26  Zergling x2, Roach x7  
  78  10:27  Roach  
  94  10:47  Drone x3  
  94  10:48  Drone x3  
  94  10:49  Drone  
  101  10:54  Baneling x8  
  101  10:55  Baneling x3  
  101  10:57  Drone x2  
  101  10:58  Drone  
  101  10:59  Drone x3  
  101  11:01  Overlord  
  107  11:08  Hydralisk  
  107  11:09  Hydralisk x5  
  119  11:13  Muscular Augments  
  117  11:22  Queen  
  118  11:28  Spine Crawler  
  118  11:29  Spine Crawler, Spore Crawler, Drone x2  
  118  11:30  Drone x4  
  118  11:32  Drone x5  
  126  11:33  Drone x2  
  126  11:39  Hydralisk x3  
  128  11:40  Hydralisk  
  128  11:42  Overlord  
  128  11:43  Overlord x2  
  133  12:45  Hydralisk  
  133  12:46  Roach x3, Hydralisk x5  
  133  12:47  Roach x4  
  133  12:48  Overlord x3  
  159  12:51  Extractor  
  159  12:52  Extractor  
  157  12:58  Drone x3  
  157  12:59  Spine Crawler x2, Overlord x2  
  157  13:01  Drone, Spore Crawler, Spine Crawler  
  157  13:05  Hatchery  
  156  13:07  Zergling x4  
  156  13:08  Zergling x6  
  161  13:13  Zerg Ground Armor Level 2  
  129  13:43  Hydralisk x2  
  129  13:44  Roach x5, Hydralisk x2  
  118  13:54  Roach x2, Hydralisk x4  
  118  13:55  Roach  
  108  14:04  Ravager  
  108  14:09  Infestation Pit  
  108  14:10  Zergling x2  
  108  14:11  Zergling x10  
  114  14:21  Drone x3  
  114  14:22  Drone x2  
  119  14:31  Drone  
  120  14:35  Baneling x6  
  120  14:36  Baneling x2  
  116  14:54  Queen  
  116  14:58  Roach, Hydralisk x4  
  116  14:59  Roach x5, Zergling x4  
  140  15:00  Zergling x16  
  140  15:03  Hive  
  127  15:42  Drone x3  
  126  15:43  Drone x3  
  126  15:44  Zergling x14  
  126  15:45  Zergling x10  
  126  15:49  Spire  
  140  15:55  Drone x2  
  142  15:59  Roach x3  
  142  16:00  Roach x3  
  142  16:01  Queen  
  156  16:15  Baneling x4  
  156  16:16  Baneling x15  
  156  16:17  Extractor  
  156  16:18  Extractor  
  154  16:48  Ultralisk Cavern  
  154  16:50  Drone x4  
  154  16:51  Drone, Spine Crawler  
  154  16:52  Spine Crawler x2  
  125  17:09  Zergling x4  
  125  17:10  Zergling x18  
  114  17:20  Zergling x2, Hydralisk x3  
  114  17:21  Roach x4, Hydralisk x2  
  110  17:36  Roach, Hydralisk x2  
  110  17:37  Ultralisk x3, Roach x2  
  120  17:38  Ultralisk x5  
  120  17:40  Baneling x6  
  120  17:41  Baneling x6  
  168  17:50  Hatchery  
  168  17:51  Extractor  
  166  17:53  Extractor  
  165  18:19  Hydralisk x3  
  171  18:20  Ultralisk x3  
  171  18:24  Overlord  
  171  18:25  Overlord  
  189  18:29  Zerg Missile Weapons Level 3  
  189  18:32  Greater Spire  
  189  18:41  Overlord  
  178  19:08  Roach x2, Hydralisk x5  
  178  19:09  Roach x6, Hydralisk x2  
  171  19:10  Roach  
  131  19:21  Hydralisk x5  
  131  19:38  Hydralisk x2  
  131  19:39  Roach x3, Hydralisk x3  
  131  19:40  Roach  
  45  21:00  Hatchery  
  34  21:14  Hatchery  
  25  21:55  Hatchery  
  9  22:23  Hatchery  
  9  22:27  Hatchery  
    23:39  Drone  
  1  24:01  Drone  
  2  24:16  Hatchery  
  1  24:21  Hatchery  
    24:27  Drone x3  
  3  24:48  Hatchery  
  2  25:08  Hatchery  
  1  25:22  Hatchery  
    25:30  Drone x2  
  2  25:51  Hatchery  
  2  25:56  Hatchery  
Tags
 
Composition
MMM Bio
Matchup
TvZ
Replay Pack
2017S4
Spawn Locations
Cross Positions
Add a new tag
Caveats
  • Supply blocks, unpowered buildings, or Contaminate may cause inaccurate times.
  • Supply counts are checked every 10 seconds.